[Event "*** Titled Tuesday Blitz"]
[Site "Chess.com"]
[Date "2020.04.07"]
[Round "9"]
[White "marianokar"]
[Black "tteshan"]
[Result "1/2-1/2"]
[WhiteElo "2356"]
[BlackElo "2210"]
[TimeControl "180+1"]
[EndTime "14:48:12 PDT"]
[Termination "Game drawn by repetition"]

1. d4 d5 2. Nf3 Nf6 3. c4 dxc4 4. Qa4+ Nc6 5. e3 Bg4 6. Bxc4 Bxf3 7. gxf3 e6 8. Nc3 Be7 9. Bb5 Qd6 10. Bxc6+ Qxc6 11. Qxc6+ bxc6 12. Bd2 Rb8 13. O-O-O Kd7 14. Na4 Rb7 15.
b3 Rhb8 16. Kb1 g6 17. Rc1 Nd5 18. Nc5+ Bxc5 19. Rxc5 Nb4 20. Bxb4 Rxb4 21. Rhc1 R8b6 22. Kb2 R4b5 23. R1c3 Rxc5 24. Rxc5 Rb5 25. Kc3 a6 26. Kc4 Kd6 27. f4 Rb6 28. Ra5 Kd7 29. b4 Kd6 30. a3 Kd7 31. Kd3 Kd6 32. Ke4 f6 33. h4 h5 34. Kd3 Kd7 35. Kc4 Kd6 36. e4 Kd7 37. Kd3 Kd6 38. Ke3 Kd7 39. Kf3 Kd6 40. e5+ Ke7 41.
exf6+ Kxf6 42. Ke4 Ke7 43. Ke5 Rb5+ 44. Rxb5 cxb5 45.
f5 exf5 46. f4 c6 47. d5 cxd5 48.
Kxd5 Kd7 49. Ke5 Ke7 50. Kd5 Kd7 51. Ke5 Ke7 52. Kd5 1/2-1/2

[Event "*** Titled Tuesday Blitz"]
[Site "Chess.com"]
[Date "2020.04.07"]
[Round "9"]
[White "temus_galaktionov"]
[Black "GMBenjaminFinegold"]
[Result "1-0"]
[WhiteElo "2762"]
[BlackElo "2575"]
[TimeControl "180+1"]
[EndTime "14:48:14 PDT"]
[Termination "temus_galaktionov won by checkmate"]

1. d4 Nf6 2. Nf3 c5 3. d5 d6 4. c4 e5 5. g3 Be7 6. Bg2 Nbd7 7. O-O Nf8 8. Nc3 Ng6 9. Ne1 a6 10. a4 h5 11. f4 exf4 12. gxf4 h4 13. e4 h3 14. Bf3 Rh4 15. Nd3 Bg4 16. e5 Bxf3 17.
Qxf3 Ng4 18. e6 f5 19. Bd2 Bf6 20. a5 Bd4+ 21. Kh1 Qf6 22. Ne2 Rh6 23. Rab1 Nh4 24.
Qg3 Rg6 25. Bc3 Ne3 26. Qxe3 Bxe3 27. Bxf6 gxf6 28. Ng3 O-O-O 29. b4 cxb4 30. Rxb4 Rdg8 31. c5 dxc5 32. Rc4 Rd8 33. Nxc5 Rxd5 34. e7 Rg8 35.
Nce4+ Kb8 36. Nxf6 Re8 37. Nxd5 Bd2 38. Rd1 Bxa5 39. Nh5 Ng6 40. Nhf6 Rxe7 41. Nxe7 Nxe7 42. Rd7 Ng6 43. Nd5 Nh4 44. Ra4 Be1 45. Ra1 Bf2 46. Rb1 b5 47. Rd1 Nf3 48. Ne7 Nd4 49. R1xd4 Bxd4 50. Rxd4 Kc7 51. Nxf5 Kb6 52. Ne3 Ka5 53. f5 b4 54. f6 b3 55. f7 b2 56. Nc4+ Kb4 57. Nxb2+ Kc3 58. Rf4 a5 59. f8=Q a4 60.
Qc5+ Kb3 61. Rf3+ Ka2 62. Qc4+ Ka1 63. Rf1+ Kxb2 64. Rf2+ Ka3 65. Qc3# 1-0

[Event "*** Titled Tuesday Blitz"]
[Site "Chess.com"]
[Date "2020.04.07"]
[Round "9"]
[White "stefan_95"]
[Black "pooh2012"]
[Result "0-1"]
[WhiteElo "2627"]
[BlackElo "2495"]
[TimeControl "180+1"]
[EndTime "14:48:14 PDT"]
[Termination "pooh2012 won by checkmate"]

1. d4 Nf6 2. Nf3 e6 3. e3 c5 4. Bd3 b6 5. O-O Bb7 6. c4 Be7 7. Nc3 cxd4 8. exd4 d5 9. cxd5 Nxd5 10. Ne5 O-O 11. Qg4 Nf6 12. Qh4 Ne4 13. Qh3 Qxd4 14. Bf4 f5 15. Rfd1 Nxc3 16. bxc3 Qxf4 17. Re1 Bc5 18. Re2 Bxf2+ 19. Kh1 Bc5 20. Bc4 Bd5 21. Bxd5 exd5 22. Nd3 Qc4 23. Rae1 Nc6 24. Re6 Rac8 25. Rf1 Qg4 26. Qxg4 fxg4 27. Rxf8+ Rxf8 28. Re1 Bf2 29. Rd1 g3 30. Rf1 Be3 31. Re1 Bd2 32. Rd1 Bxc3 33.
hxg3 d4 34. Nf4 Na5 35. Ne6 Re8 36. Nxd4 Rd8 37. Rc1 Bxd4 38. Rc7 b5 39. g4 Bb6 40.
Re7 b4 41. Re4 Nc6 42. Rc4 Rd6 43. g3 a5 44. Kg2 Rd2+ 45. Kh3 Rd6 46. g5 h6 47.
gxh6 Rxh6+ 48. Kg2 Rd6 49. g4 Kf7 50. Kg3 Ke6 51.
Re4+ Kd5 52. Rf4 Re6 53. Rf7 Bd4 54. Rd7+ Kc5 55. Rb7 Re7 56. Rxe7 Nxe7 57. Kf3 Nd5 58. Ke4 Nc3+ 59. Kd3 Nxa2 60. g5 Nc3 61. g6 Nd5 62. Kc2 Ne7 63. Kb3 Nxg6 64. Ka4 Ne5 65. Kxa5 b3 66. Ka4 b2 67. Ka3 b1=Q 68. Ka4 Qb4# 0-1

[Event "*** Titled Tuesday Blitz"]
[Site "Chess.com"]
[Date "2020.04.07"]
[Round "9"]
[White "SerGo055"]
[Black "joshdaruca"]
[Result "0-1"]
[WhiteElo "2565"]
[BlackElo "2774"]
[TimeControl "180+1"]
[EndTime "14:48:16 PDT"]
[Termination "joshdaruca won by resignation"]

1. d4 Nf6 2. Nf3 e6 3. c4 d5 4. Nc3 c5 5. cxd5 Nxd5 6. Nxd5 Qxd5 7. dxc5 Qxd1+ 8. Kxd1 Bxc5 9. e3 O-O 10. Bd3 Rd8 11.
Ke2 Nc6 12. a3 Be7 13. b4 Bf6 14. Ra2 a5 15. b5 Ne7 16. Bb2 Nd5 17. Bxf6 gxf6 18.
Rc1 Bd7 19. Rac2 Rac8 20. Rxc8 Rxc8 21. Rxc8+ Bxc8 22. Kd2 Bd7 23. e4 Nc7 24. a4 e5 25. Bc4 Kf8 26. Kc3 Ke7 27. Nd2 b6 28.
Bb3 Kd6 29. Bxf7 Be6 30. Bxe6 Nxe6 31. g3 Nc5 32. Nc4+ Kc7 33. Ne3 Nxe4+ 34. Kc4 Kd6 35. f4 exf4 36. gxf4 Nd2+ 37. Kd3 Nf3 38. h3 Kc5 39.
Ke4 Ng1 40. h4 Ne2 41. Ng4 Nc3+ 42. Kd3 Nd5 43. f5 h5 44. Nf2 Kb4 45. Kd4 Ne7 46. Ke4 Kxa4 47. Kf4 Kxb5 48. Ne4 a4 49. Nxf6 a3 50.
Ne4 Kb4 51. f6 Nd5+ 52. Ke5 Nxf6 53. Nxf6 a2 54. Nxh5 a1=Q+ 55. Kf5 Kc5 56. Nf6 Qf1+ 57. Kg6 Qg2+ 58. Kf5 b5 59. h5 b4 60. h6 b3 61.
h7 Qg7 62. Ke6 b2 63. Nd7+ Kb5 64. Nf6 b1=Q 65. h8=Q Qxh8 0-1

[Event "*** Titled Tuesday Blitz"]
[Site "Chess.com"]
[Date "2020.04.07"]
[Round "9"]
[White "Pavlov_Sergey"]
[Black "VerdeNotte"]
[Result "1-0"]
[WhiteElo "2575"]
[BlackElo "2722"]
[TimeControl "180+1"]
[EndTime "14:48:17 PDT"]
[Termination "Pavlov_Sergey won by resignation"]

1. c4 e5 2. Nc3 Bb4 3. Qc2 Nf6 4. Nf3 Nc6 5. e3 O-O 6. Nd5 Re8 7. Qf5 Be7 8. Nxe5 d6 9. Nxc6 bxc6 10. Nxe7+ Qxe7 11. Qc2 Ng4 12. h3 Qh4 13. g3 Qh6 14. Bg2 Nf6 15.
Bxc6 Bd7 16. Bxa8 Rxa8 17. b3 Bc6 18. Rf1 Qxh3 19. Bb2 Bg2 20. Rg1 Ne4 21. d3 Ng5 22.
O-O-O Nf3 23. Qe2 Nxg1 24. Rxg1 Qh2 25. Re1 Bh3 26. Qf3 Re8 27. Rh1 Qg2 28. Qxg2 Bxg2 29. Rg1 Bf3 30. g4 f6 31. Kd2 Kf7 32. e4 h5 33. g5 Bg4 34. gxf6 gxf6 35. Ke3 Rh8 36. f3 Bd7 37. f4 h4 38. e5 dxe5 39. fxe5 fxe5 40.
Bxe5 Re8 41. d4 h3 42. Rg7+ Ke6 43. Rh7 c5 44. Rxh3 cxd4+ 45. Kxd4 Rd8 46. Rh6+ Kf7 47. Rd6 Ke8 48. Bf6 Rc8 49. c5 Rc6 50. Kd5 Rxd6+ 51.
Kxd6 Bf5 52. c6 Bb1 53. a3 Bc2 54. b4 Kf7 55. Bd4 Bf5 56. Bxa7 Ke8 57. b5 Kd8 58.
b6 Bd7 59. b7 1-0

[Event "*** Titled Tuesday Blitz"]
[Site "Chess.com"]
[Date "2020.04.07"]
[Round "9"]
[White "Skatchkov_V"]
[Black "cassoulet"]
[Result "1-0"]
[WhiteElo "2564"]
[BlackElo "2712"]
[TimeControl "180+1"]
[EndTime "14:48:17 PDT"]
[Termination "Skatchkov_V won by checkmate"]

1. d4 Nf6 2. c4 g6 3. Nf3 Bg7 4. g3 O-O 5. Bg2 d5 6. cxd5 Nxd5 7. O-O Nc6 8. Nc3 Nb6 9. e3 Be6 10. Re1 Qd7 11. Ng5 Bc4 12. Nge4 Rad8 13. b3 Bd5 14. Nc5 Qc8 15. Nxd5 Nxd5 16. Qc2 e5 17. dxe5 Bxe5 18. Bb2 Ncb4 19. Qe2 Nc3 20. Qc4 a5 21. Bxc3 b5 22. Qxb5 Bxc3 23. Ne4 Bxa1 24. Rxa1 f5 25. Qc4+ Kg7 26.
Nc5 Rd6 27. a3 Nc6 28. Qb5 Ne7 29. Qxa5 Rfd8 30. Qc3+ Kh6 31. Bf3 Nd5 32. Qe5 Nf6 33.
Rc1 c6 34. a4 Qc7 35. Qf4+ g5 36. Qxf5 Qe7 37. Rc4 Rd5 38. Bxd5 Rxd5 39. Qc2 g4 40. a5 Qd6 41. Ne4 Rd1+ 42. Kg2 Qd5 43. Rxc6 Kh5 44.
Rxf6 Ra1 45. Qc6 Qxc6 46. Rxc6 Rxa5 47. Rc5+ Rxc5 48. Nxc5 h6 49. b4 Kg5 50. b5 Kf5 51. b6 Ke5 52. b7 Kd6 53. b8=Q+ Kxc5 54. Qh8 Kd5 55. Qxh6 Ke4 56. Qg5 Kd3 57. Qxg4 Kd2 58. h4 Ke1 59. h5 Kd2 60. h6 Ke1 61. h7 Kd2 62. h8=Q Ke1 63. Qa1+ Kd2 64. Qgd1# 1-0

[Event "*** Titled Tuesday Blitz"]
[Site "Chess.com"]
[Date "2020.04.07"]
[Round "9"]
[White "Zaven_ChessMood"]
[Black "Oleksandr_Bortnyk"]
[Result "1-0"]
[WhiteElo "2912"]
[BlackElo "2986"]
[TimeControl "180+1"]
[EndTime "14:48:18 PDT"]
[Termination "Zaven_ChessMood won by checkmate"]

1. e4 Nf6 2. e5 Nd5 3. d4 d6 4.
exd6 exd6 5. Nf3 Be7 6. c4 Nb6 7. Nc3 O-O 8. Be2 Bg4 9. b3 Nc6 10. Be3 Bf6 11. O-O Re8 12. Qd2 h6 13. h3 Bh5 14.
Rfe1 d5 15. c5 Nc8 16. Nh2 Bxe2 17. Rxe2 N8e7 18. Nf3 b6 19. Rd1 Qd7 20. Bf4 Ng6 21. Bg3 Rxe2 22. Nxe2 Re8 23. Nf4 Nxf4 24. Qxf4 Re7 25. a3 Na5 26. Rd3 Qb5 27. Qf5 Nxb3 28. Be5 Bxe5 29. Nxe5 Nxc5 30. dxc5 Rxe5 31. Qxe5 Qxd3 32.
c6 d4 33. Qxc7 Qb1+ 34. Kh2 Qc1 35. Qd6 d3 36. Qd8+ Kh7 37. Qxd3+ g6 38. Qd6 b5 39.
c7 a5 40. g3 Qc2 41. Kg1 Qb1+ 42. Kg2 Qe4+ 43. Kf1 Qb1+ 44. Ke2 Qc2+ 45. Ke3 Qc3+ 46. Ke4 Qc4+ 47. Ke5 Qc3+ 48. Ke4 Qc2+ 49. Kf3 Qf5+ 50. Qf4 Qd5+ 51. Ke3 Qc5+ 52. Ke2 Qc2+ 53. Kf1 Qd1+ 54. Kg2 Qd7 55. Qe5 Qc6+ 56. Kh2 b4 57. axb4 axb4 58. Qe7 Qf3 59. Qc5 b3 60. c8=Q b2 61. Qb8 Qe2 62.
Qd4 b1=Q 63. Qbh8# 1-0

[Event "*** Titled Tuesday Blitz"]
[Site "Chess.com"]
[Date "2020.04.07"]
[Round "9"]
[White "Abdimalik_Abdisalimov"]
[Black "attack2mateU"]
[Result "1-0"]
[WhiteElo "2851"]
[BlackElo "2672"]
[TimeControl "180+1"]
[EndTime "14:48:18 PDT"]
[Termination "Abdimalik_Abdisalimov won by resignation"]

1. d4 Nf6 2. c4 g6 3. Nc3 d5 4. cxd5 Nxd5 5. e4 Nxc3 6. bxc3 Bg7 7. Bc4 O-O 8. Ne2 c5 9. O-O Nc6 10. Be3 b6 11. Qd2 Bb7 12. Rac1 cxd4 13. cxd4 Rc8 14. h4 Qd7 15. h5 Rfd8 16. h6 Bxd4 17.
Nxd4 Nxd4 18. Bd5 Ne6 19. Rxc8 Rxc8 20. Rd1 Bxd5 21. exd5 Nf8 22. Qb2 f6 23. d6 Rc6 24.
Qb3+ e6 25. Bf4 Kf7 26. a4 Ke8 27. a5 e5 28. axb6 axb6 29. Be3 Rxd6 30. Ra1 Rd3 31. Ra8+ Ke7 32. Qg8 Rxe3 33. Qxf8+ Ke6 34. Re8+ Kf5 35. fxe3 Qd1+ 36. Kh2 Qe1 37. e4+ Qxe4 38. Qa3 Qf4+ 39. Qg3 Qxh6+ 40. Qh3+ Qxh3+ 41. Kxh3 h5 42. Kg3 g5 43.
Rb8 h4+ 44. Kf3 g4+ 45. Ke3 h3 46. gxh3 gxh3 47. Kf3 h2 48. Kg2 Ke4 49. Kxh2 f5 50. Kg2 f4 51. Kf2 Kd3 52. Rxb6 e4 53. Rd6+ Kc3 54.
Rd8 Kc2 55. Ke2 Kc3 56. Re8 Kd4 57. Rd8+ Ke5 58. Kf2 Kf5 59. Re8 1-0

[Event "*** Titled Tuesday Blitz"]
[Site "Chess.com"]
[Date "2020.04.07"]
[Round "9"]
[White "Gennady_Kozlov"]
[Black "KarstenHansch"]
[Result "0-1"]
[WhiteElo "2573"]
[BlackElo "2462"]
[TimeControl "180+1"]
[EndTime "14:48:18 PDT"]
[Termination "KarstenHansch won by resignation"]

1. b3 e5 2. Bb2 Nc6 3. e4 Bc5 4. Bc4 Nf6 5. d3 d6 6. Nf3 a6 7. a4 Na5 8. h3 Nxc4 9. bxc4 Be6 10. Nbd2 c6 11. Nb3 Ba7 12. Qd2 O-O 13. c5 Bxb3 14.
cxb3 Bxc5 15. b4 Ba7 16. O-O a5 17. bxa5 Bb8 18. Bc3 Bc7 19. Rfb1 Ra7 20. g4 Qa8 21. g5 Nd7 22. d4 exd4 23. Nxd4 Bxa5 24. Bxa5 Rxa5 25.
Nf5 Ne5 26. Qxd6 Rd8 27. Qc7 Rd7 28. Qb6 Nf3+ 29. Kh1 Nxg5 30. Rg1 Ne6 31. Rad1 Rxd1 32. Rxd1 Rxa4 33. f3 Ra1 34. Qg1 Rxd1 35. Qxd1 g6 36.
Nh6+ Kg7 37. Ng4 Qa2 38. Qd7 Qb2 39. Qd6 Qd4 40. Qg3 Qd1+ 41. Kh2 Qd2+ 42. Kh1 Nf4 43. Nf2 Qe1+ 44. Kh2 b5 45. h4 b4 46. Qxf4 Qxf2+ 47.
Kh3 Qd4 48. h5 gxh5 49. Qg5+ Kf8 50. Qh6+ Ke7 51. Qg5+ Kd7 52. Qf5+ Kc7 53. Kg2 Qc4 54. Qe5+ Kb6 55. Qb8+ Ka5 56. e5 b3 57. Kg3 Qb5 58. Qa7+ Kb4 59. Qa1 Kc5 60. Qc3+ Kd5 61. Qd2+ Kxe5 62.
Qe3+ Kf6 63. Qh6+ Ke7 64. Qe3+ Kd7 65. Qa7+ Kd6 66. Qd4+ Qd5 67. Qb4+ Ke6 68. f4 c5 69. Qb6+ Ke7 70. Kh4 c4 71. Qc7+ Kf6 72. Qb6+ Kg7 73.
f5 Qe4+ 74. Kg3 Qxf5 75. Qd4+ Qf6 76. Qxc4 Qg6+ 77. Kh2 Qc2+ 78. Kg3 0-1

[Event "*** Titled Tuesday Blitz"]
[Site "Chess.com"]
[Date "2020.04.07"]
[Round "9"]
[White "josiwales"]
[Black "RestartingChess"]
[Result "0-1"]
[WhiteElo "2494"]
[BlackElo "2387"]
[TimeControl "180+1"]
[EndTime "14:48:18 PDT"]
[Termination "RestartingChess won by resignation"]

1. e4 d5 2. exd5 Qxd5 3. Nc3 Qd6 4. Nf3 Nc6 5. d4 a6 6. h3 Nf6 7. Bc4 Bf5 8. O-O e6 9. Be3 Be7 10. a3 O-O 11. Re1 Rad8 12. Qd2 Nd5 13. Nxd5 exd5 14.
Bf4 Qd7 15. Bd3 Bxd3 16. Qxd3 Bf6 17. Re3 Rfe8 18. Rae1 Rxe3 19. Rxe3 h6 20. c3 Na5 21. Ne5 Bxe5 22. Bxe5 Nc4 23. b3 Nxe3 24. fxe3 c6 25. Kh2 Re8 26. b4 f6 27. Bg3 Qe6 28. Bf4 Qe4 29.
Qf1 Kf7 30. h4 Ke7 31. h5 Rg8 32. a4 g5 33. Bg3 Qxe3 34. Qf5 Qe4 35. Qf1 f5 36.
Be5 b5 37. axb5 cxb5 38. Qa1 g4 39. Qxa6 g3+ 40. Bxg3 Rg5 41. Qxh6 Qg4 42. Qd6+ Kf7 43. Qxd5+ Kg7 44. Be5+ Kh6 45. Qe6+ Kxh5 46. Qe8+ Rg6 47. Qh8+ Kg5 48. Qd8+ Kh5 49. Qd5 Qh4+ 50. Kg1 Qg4 51. Kf2 Qh4+ 52. Ke2 Qg4+ 53. Qf3 Rg5 54.
Qxg4+ Kxg4 55. d5 f4 56. Bd4 Rxd5 57. Kd3 Kg3 58. Ke4 Rd8 59. Kf5 Rf8+ 60. Ke4 Kxg2 61. c4 bxc4 62. b5 f3 63. b6 f2 64. Bxf2 Kxf2 65. Kd4 Rc8 66. b7 Rb8 67. Kxc4 Rxb7 0-1

[Event "*** Titled Tuesday Blitz"]
[Site "Chess.com"]
[Date "2020.04.07"]
[Round "9"]
[White "troisi"]
[Black "Blitzking642"]
[Result "0-1"]
[WhiteElo "2114"]
[BlackElo "2400"]
[TimeControl "180+1"]
[EndTime "14:48:20 PDT"]
[Termination "Blitzking642 won by checkmate"]

1. e4 c5 2. c3 d5 3. exd5 Qxd5 4. d4 Nc6 5. Nf3 Bf5 6. Be3 cxd4 7. cxd4 Bxb1 8. Qxb1 Nf6 9. Be2 e6 10. O-O Be7 11.
a3 O-O 12. Rc1 Rac8 13. b4 Rfd8 14. h3 Qd6 15. Bg5 h6 16. Be3 Nd5 17. Qb3 Nxe3 18.
fxe3 Qg3 19. b5 Na5 20. Qd3 Bd6 21. Qe4 Rxc1+ 22. Rxc1 Bxa3 23. Ra1 Bb4 24. Ne5 Bc3 25.
Rf1 f5 26. Qd3 Bb4 27. Rf3 Qg5 28. Nc4 Rc8 29. Nxa5 Rc1+ 30. Rf1 Rxf1+ 31. Bxf1 Bxa5 32. Qb3 Kf7 33. d5 Bb6 34. dxe6+ Ke7 35. Bc4 Bxe3+ 36.
Kh1 Qg3 37. Qd3 Qe1+ 38. Qf1 Qxf1+ 39. Bxf1 Kxe6 40. g4 f4 41. Kg2 Kd6 42. Kf3 g5 43. Ke4 Kc5 44. Kf5 Kb6 45. Kg6 a5 46. bxa6 bxa6 47. Kxh6 f3 48. Kh5 a5 49. h4 a4 50.
hxg5 a3 51. g6 Bd4 52. Bc4 f2 53. Kh6 a2 54. Bxa2 f1=Q 55. Bf7 Qf6 56. Kh5 Be3 57. g7 Qg5# 0-1

[Event "*** Titled Tuesday Blitz"]
[Site "Chess.com"]
[Date "2020.04.07"]
[Round "9"]
[White "MiroMiljkovic"]
[Black "googlegoom"]
[Result "0-1"]
[WhiteElo "2577"]
[BlackElo "2423"]
[TimeControl "180+1"]
[EndTime "14:48:21 PDT"]
[Termination "googlegoom won by checkmate"]

1. d4 d5 2. c4 c6 3. Nf3 Nf6 4. e3 e6 5. Nbd2 Nbd7 6. Bd3 Bd6 7. O-O O-O 8. e4 dxe4 9. Nxe4 Nxe4 10. Bxe4 h6 11. b3 e5 12. Bb2 exd4 13. Qxd4 Nf6 14.
Rad1 Be7 15. Qe3 Qb6 16. Bd4 c5 17. Bc3 Nxe4 18. Qxe4 Be6 19. Qf4 Rfd8 20. Qg3 Bf8 21. Be5 Rxd1 22. Rxd1 Rd8 23. Re1 Rd3 24. Qf4 Qa5 25.
Qe4 Rd7 26. Qe2 Bg4 27. h3 Bxf3 28. gxf3 Rd2 29. Qe4 Qxa2 30. Bg3 Qxb3 31. Qf4 Rd1 32. Rxd1 Qxd1+ 33. Kg2 Qd8 34. Qe4 Qa8 35. Qc2 b6 36. Qa4 g6 37. Qa6 h5 38. Bc7 Kh7 39.
Bxb6 Qb8 40. Bxa7 Qf4 41. Qb5 Bd6 42. Bxc5 Qg5+ 43. Kf1 Qxc5 44. Qa6 Bf4 45. Kg2 Qf5 46. Qb7 Qg5+ 47. Kf1 Kg7 48. Qe4 Qf5 49. Qc6 Qxh3+ 50. Ke2 Qe6+ 51. Qxe6 fxe6 52. Kd3 h4 53. Ke4 h3 54. Kxf4 h2 55. Kg3 h1=Q 56. Kg4 Qc1 57. f4 Qxc4 58. f3 Kf6 59. Kh3 Kf5 60. Kg2 Qxf4 61.
Kh3 Qxf3+ 62. Kh4 Qg4# 0-1

[Event "*** Titled Tuesday Blitz"]
[Site "Chess.com"]
[Date "2020.04.07"]
[Round "9"]
[White "gvanna"]
[Black "ChelsieMonica"]
[Result "0-1"]
[WhiteElo "2431"]
[BlackElo "2267"]
[TimeControl "180+1"]
[EndTime "14:48:21 PDT"]
[Termination "ChelsieMonica won by resignation"]

1. e4 e5 2. Nf3 Nc6 3. Bb5 a6 4. Ba4 Nf6 5. O-O b5 6. Bb3 Be7 7. Re1 O-O 8. a4 b4 9. d3 d6 10. Nbd2 Be6 11. h3 Qd7 12. Bc4 Na5 13. b3 c6 14.
Bxe6 fxe6 15. d4 exd4 16. Nxd4 c5 17. N4f3 Nh5 18. Bb2 Nf4 19. Nf1 Qe8 20. Ng3 Qg6 21. Re3 h5 22. Ne1 c4 23. Rf3 Nxh3+ 24. gxh3 h4 25.
bxc4 Nxc4 26. Bd4 e5 27. Qd3 Rxf3 28. Nxf3 Rc8 29. Nxh4 Bxh4 30. Ba7 Kh7 31. Kg2 Nb2 32. Qe2 Bxg3 33. fxg3 Rc3 34. Bf2 Nc4 35. Rd1 d5 36.
exd5 Rxc2 37. Qf3 e4 38. Qf4 e3 39. Rf1 Rxf2+ 40. Rxf2 exf2 41. Kxf2 Qc2+ 42. Kg1 Qd1+ 43. Kf2 Qd2+ 44. Qxd2 Nxd2 45. Ke3 Nc4+ 46. Kd4 Nd6 47. a5 Kg8 48. Kc5 b3 49. Kxd6 b2 50. Kc7 b1=Q 51. d6 Qc2+ 52. Kb7 Qd3 53. Kc7 Qc4+ 54.
Kb7 Qd5+ 55. Kxa6 Qxd6+ 56. Kb7 Qxg3 57. a6 Qxh3 58. a7 Qb3+ 59. Kc7 Qa4 60. Kb7 g5 0-1

[Event "*** Titled Tuesday Blitz"]
[Site "Chess.com"]
[Date "2020.04.07"]
[Round "9"]
[White "maciek_92"]
[Black "Schandenfreude"]
[Result "1-0"]
[WhiteElo "2711"]
[BlackElo "2517"]
[TimeControl "180+1"]
[EndTime "14:48:23 PDT"]
[Termination "maciek_92 won by resignation"]

1. e4 c5 2. Nf3 d6 3. d4 cxd4 4.
Nxd4 Nf6 5. Nc3 g6 6. Be3 Bg7 7. f3 Nc6 8. Bc4 O-O 9. Qd2 Nxd4 10. Bxd4 Be6 11. Be2 Qa5 12. O-O Rfc8 13. Rfd1 Nd7 14. Bxg7 Kxg7 15. Nb5 Qxd2 16. Rxd2 Ne5 17. b3 a6 18. Nd4 Rc3 19. f4 Nc6 20. Nxc6 Rxc6 21. c4 a5 22. g4 f6 23. a4 Rb6 24. Rd3 Rc8 25. Kf2 Rb4 26. h4 Rc6 27. Rc1 Rcb6 28. Rcc3 Rc6 29. Bf3 Rc7 30. Re3 Kf7 31. Ke2 h6 32. f5 Bd7 33. Kd2 Rc5 34. Red3 Bc6 35. Ke3 Re5 36. Kf4 g5+ 37. hxg5 hxg5+ 38. Ke3 Rb6 39. Rd2 Ke8 40. Rh2 Kd7 41. Kd4 Ra6 42. Rh8 Kc7 43. Re3 Kb6 44. Bd1 Ra7 45. Bc2 Ra6 46.
Reh3 Ra7 47. R3h7 Kc7 48. Rf8 Kd7 49. Rxf6 Ra8 50. Rg6 Rf8 51. Rxg5 Kc8 52. Rgg7 Kb8 53. Bd3 e6 54. Rf7 Rg8 55. Rhg7 Rh8 56. f6 Rh1 57.
Rf8+ Ka7 58. f7 Rf1 59. Rh8 Rf4 60. f8=Q Rexe4+ 61. Bxe4 Rxe4+ 62. Kd3 1-0

[Event "*** Titled Tuesday Blitz"]
[Site "Chess.com"]
[Date "2020.04.07"]
[Round "9"]
[White "Rubinstein_Akiba"]
[Black "dopolian"]
[Result "1-0"]
[WhiteElo "2377"]
[BlackElo "2480"]
[TimeControl "180+1"]
[EndTime "14:48:23 PDT"]
[Termination "Rubinstein_Akiba won by resignation"]

1. e4 e5 2. Nf3 Nc6 3. Bb5 a6 4. Bxc6 dxc6 5. O-O f6 6. d4 exd4 7. Qxd4 Qxd4 8. Nxd4 c5 9. Ne2 Bd7 10. Be3 O-O-O 11.
Nbc3 b6 12. a4 a5 13. Rad1 Ne7 14. f4 Nc6 15. Rd2 Be7 16. Rfd1 Be6 17. b3 c4 18.
Nd5 cxb3 19. cxb3 Bxd5 20. Rxd5 Nb4 21. Rxd8+ Rxd8 22. Rxd8+ Kxd8 23. Nd4 Kd7 24. Nb5 Nd3 25. Kf1 Bc5 26. Ke2 Bxe3 27. Kxe3 Nc1 28. Nd4 c5 29. Kd2 Na2 30. Nf5 g6 31. Ne3 Nb4 32. Kc3 Kc6 33.
Kc4 Kd6 34. Kb5 Nd3 35. g3 Nc1 36. Nc4+ Ke6 37. Nd2 Kd6 38. Kxb6 Nd3 39. Kxa5 Kc6 40. Nc4 Nc1 41. Nd2 Nd3 42. Ka6 Nb4+ 43. Ka7 Nd3 44. Nc4 Nc1 45. Na5+ Kc7 46. Ka6 Ne2 47. Nc4 Nc3 48. e5 fxe5 49. Nxe5 Nd1 50. Kb5 Kd6 51. a5 Nc3+ 52. Kc4 Ne4 53. a6 Kc7 54. Kd5 Nd2 55. Kxc5 Nxb3+ 56. Kd5 Kb6 57. Ke6 Nd2 58. Kf7 Kxa6 59. Kg7 Nf1 60. Nf3 Ne3 61. Kxh7 Ng4 62. Kxg6 Kb6 63. h4 1-0

[Event "*** Titled Tuesday Blitz"]
[Site "Chess.com"]
[Date "2020.04.07"]
[Round "9"]
[White "Hikaru"]
[Black "Zavgorodniy_Serg"]
[Result "0-1"]
[WhiteElo "3236"]
[BlackElo "2740"]
[TimeControl "180+1"]
[EndTime "14:48:24 PDT"]
[Termination "Zavgorodniy_Serg won by resignation"]

1. Nf3 Nf6 2. d4 e6 3. c4 Bb4+ 4.
Nbd2 b6 5. a3 Bxd2+ 6. Bxd2 Bb7 7. g3 d6 8. Bg2 Nbd7 9. O-O O-O 10. Rc1 Qe7 11. Re1 Be4 12. Bh3 h6 13. Nh4 c5 14.
Bc3 Rac8 15. f3 Bb7 16. e4 cxd4 17. Bxd4 Ne5 18. b3 Rfd8 19. Qe2 g5 20. Ng2 g4 21. Bxg4 Nexg4 22. fxg4 Nxe4 23. Be3 Ng5 24. Bxg5 hxg5 25. Ne3 d5 26. cxd5 Rxc1 27. Rxc1 Bxd5 28. b4 Ba8 29. Rd1 Rxd1+ 30. Qxd1 Qb7 31. Kf2 Kg7 32. h4 gxh4 33.
Qd4+ Kh7 34. gxh4 Qf3+ 35. Ke1 Qg3+ 36. Ke2 Qxh4 37. Qd7 Qh2+ 38. Ke1 Qg3+ 39. Kd2 Qf2+ 40. Kd3 Qf4 41. Qxa7 Be4+ 42. Kc4 Bg6+ 43. Kb5 Qxe3 44. Qxb6 Qxa3 45. Qc5 Qd3+ 46. Kb6 Qe4 47. g5 Qd5 48.
Qe3 Qd6+ 49. Ka5 Bf5 50. b5 Qc7+ 51. b6 Qc6 52. Qd4 Be4 53. Ka6 Qb7+ 54. Ka5 Qd5+ 55. Ka6 Qxd4 56. b7 Qa4+ 57. Kb6 Qb4+ 58. Kc7 Qxb7+ 59.
Kd6 Qc6+ 60. Ke5 Qd5+ 0-1

[Event "*** Titled Tuesday Blitz"]
[Site "Chess.com"]
[Date "2020.04.07"]
[Round "9"]
[White "RitvarsReimanis"]
[Black "Man-Chuk"]
[Result "0-1"]
[WhiteElo "2613"]
[BlackElo "2769"]
[TimeControl "180+1"]
[EndTime "14:48:24 PDT"]
[Termination "Man-Chuk won by resignation"]

1. d4 Nf6 2. c4 g6 3. Nc3 d5 4. cxd5 Nxd5 5. e4 Nxc3 6. bxc3 Bg7 7. Be3 c5 8. Qd2 Nd7 9. Rc1 e5 10. d5 O-O 11. h4 Nf6 12. f3 b6 13. Ne2 h5 14. c4 Ne8 15. Nc3 Nd6 16. Be2 Ba6 17. Nd1 Qd7 18. Nf2 Qa4 19. Qc2 Qxc2 20. Rxc2 f5 21. Bg5 Bf6 22. Bxf6 Rxf6 23. Bd3 Bc8 24. Ke2 Bd7 25. Rb2 f4 26. Ra1 g5 27. hxg5 Rg6 28. Rh1 Rxg5 29. Rh2 Kf7 30. Rb1 Rag8 31. Rbh1 Kg6 32.
Kd2 Kh6 33. Bf1 a6 34. Kc3 b5 35. cxb5 axb5 36. Nd3 b4+ 37. Kb2 Nc4+ 38. Kc1 Ne3 39. Kb2 Bb5 40. Be2 Bxd3 41. Bxd3 c4 42. Bf1 Nxf1 43.
Rxf1 Rxg2+ 44. Rf2 Rxf2+ 45. Rxf2 h4 46. a3 bxa3+ 47. Kxa3 h3 48. Rh2 Rg3 49. Kb4 Rxf3 50. Kxc4 Re3 51. d6 Kg5 52. d7 Rxe4+ 53. Kd5 Rd4+ 54.
Kxe5 Rxd7 55. Rxh3 Re7+ 56. Kd4 Kg4 57. Rh7 Rxh7 0-1

[Event "*** Titled Tuesday Blitz"]
[Site "Chess.com"]
[Date "2020.04.07"]
[Round "9"]
[White "Hubbery"]
[Black "Orest_Vovk"]
[Result "0-1"]
[WhiteElo "2619"]
[BlackElo "2504"]
[TimeControl "180+1"]
[EndTime "14:48:24 PDT"]
[Termination "Orest_Vovk won on time"]

1. d4 Nc6 2. Nf3 d6 3. Nc3 e5 4. dxe5 Nxe5 5. Nxe5 dxe5 6. Qxd8+ Kxd8 7. a3 c6 8. e4 Be6 9. Be3 Kc7 10. O-O-O Nf6 11. f3 Be7 12. Be2 Rhd8 13. Rxd8 Bxd8 14. Na4 b6 15.
Rd1 Be7 16. b4 Rd8 17. c4 Rxd1+ 18. Kxd1 Nd7 19. Kc2 f6 20. Nb2 a5 21. Kc3 axb4+ 22.
axb4 Nb8 23. Nd3 Na6 24. Bd1 c5 25. b5 Nb4 26. Nxb4 cxb4+ 27. Kb3 Bc5 28. Bd2 Kd6 29. Bxb4 Bxb4 30. Kxb4 f5 31. exf5 Bxf5 32. Be2 e4 33.
c5+ bxc5+ 34. Ka5 e3 35. Ka6 Be6 36. b6 Bd5 37. Ka7 Ke5 38. Bc4 Bc6 39. Bb5 Bd5 40.
Kb8 Kd4 41. Kc7 c4 42. Bc6 c3 43. b7 c2 44. b8=Q c1=Q 45. Qb4+ Kd3 46. Qb5+ Kd2 47. Qxd5+ Ke1 48. Kd6 e2 49. Bb5 Kf2 0-1

[Event "*** Titled Tuesday Blitz"]
[Site "Chess.com"]
[Date "2020.04.07"]
[Round "9"]
[White "dmosesov"]
[Black "swisspower96"]
[Result "1-0"]
[WhiteElo "2505"]
[BlackElo "2644"]
[TimeControl "180+1"]
[EndTime "14:48:25 PDT"]
[Termination "dmosesov won by resignation"]

1. d4 Nf6 2. c4 e6 3. Nf3 d5 4.
Nc3 Bb4 5. Qb3 c5 6. dxc5 Nc6 7. Bg5 h6 8. Bxf6 Qxf6 9. cxd5 exd5 10. e3 Be6 11.
Bb5 Bxc5 12. O-O O-O 13. Qc2 Rac8 14. a3 Bb6 15. Qd2 Rfd8 16. Bxc6 bxc6 17. Nd4 Bd7 18. b4 Qg6 19. Kh1 c5 20. Nxd5 Qd6 21. bxc5 Bxc5 22. Nc3 Bxa3 23. Ne4 Qe7 24. Qd3 Bc5 25. Nxc5 Qxc5 26.
h3 a5 27. Qd2 a4 28. Rfc1 Qd6 29. Rxc8 Rxc8 30. Qa5 Qc5 31. Qa6 Qc3 32. Rd1 a3 33.
Ne2 Qc4 34. Qxc4 Rxc4 35. Rxd7 Rc2 36. Ra7 Rxe2 37. Rxa3 Rxf2 38. Kg1 Rb2 39. Kh2 g6 40. Kg3 Kg7 41. Kf3 h5 42. g4 Rb6 43. gxh5 gxh5 44.
Ra5 Rf6+ 45. Kg3 Kh6 46. h4 Rg6+ 47. Kf3 Rg4 48. Rf5 Kg6 49. Rf4 f5 50. e4 fxe4+ 51.
Rxe4 Rg1 52. Re2 Rh1 53. Rg2+ Kf5 54. Rg5+ Kf6 55. Rxh5 Kg6 56. Rg5+ Kh6 57. Rg4 Ra1 58.
Ra4 Ra3+ 59. Rxa3 1-0